Map: [ESL] Goldenaura

Players

goblin

  • Race: Protoss Protoss
  • Spawn Location: 5:00

ShaDoWn - Winner!

  • Race: Protoss Protoss
  • Spawn Location: 12:00

Event: ESL SC2 Masters 2023 Winter (Regional)

VOD

Have the link to the VOD?

Description

Time

  • Played on: Nov. 2, 2023, 11:03 a.m.
  • Length: 33:56

All games in this series

Show
View Real Time Build Order
Export as new Build Order

goblin Protoss 

Build Orders: Dark Templar Rush 

Get SALT Encoding   

  12  0:00  Probe  
  13  0:12  Probe  
  14  0:16  Pylon  
  14  0:24  Probe (Chrono Boost)  
  15  0:36  Probe (Chrono Boost)  
  15  0:37  Gateway  
  16  0:44  Probe (Chrono Boost)  
  16  0:45  Assimilator  
  17  0:50  Probe  
  17  0:54  Assimilator  
  18  1:03  Probe (Chrono Boost)  
  19  1:09  Gateway  
  20  1:12  Probe (Chrono Boost)  
  20  1:17  Probe (Chrono Boost)  
  20  1:24  Cybernetics Core  
  21  1:29  Probe  
  22  1:37  Pylon  
  22  1:41  Probe  
  23  1:55  Probe  
  23  2:01  Warp Gate, Adept x2  
  28  2:07  Pylon  
  28  2:31  Stalker x2  
  32  2:52  Nexus  
  31  3:00  Twilight Council  
  31  3:02  Probe  
  32  3:14  Probe  
  33  3:26  Probe  
  34  3:27  Pylon  
  34  3:37  Dark Shrine  
  34  3:38  Probe  
  34  3:40  Gateway  
  35  3:46  Shield Battery  
  35  3:49  Stalker  
  37  3:57  Stalker  
  37  4:00  Probe (Chrono Boost)  
  40  4:05  Probe (Chrono Boost)  
  41  4:12  Probe (Chrono Boost)  
  41  4:13  Pylon  
  41  4:16  Probe (Chrono Boost)  
  43  4:19  Shield Battery  
  43  4:21  Probe (Chrono Boost)  
  43  4:23  Probe (Chrono Boost)  
  44  4:30  Stalker  
  47  4:32  Probe  
  47  4:35  Probe  
  49  4:38  Blink (Chrono Boost)  
  49  4:48  Probe (Chrono Boost)  
  49  4:50  Dark Templar  
  49  4:51  Probe (Chrono Boost)  
  53  4:56  Dark Templar  
  56  5:00  Probe (Chrono Boost)  
  56  5:04  Probe (Chrono Boost)  
  56  5:06  Probe (Chrono Boost)  
  58  5:11  Pylon  
  58  5:12  Probe  
  59  5:15  Probe  
  60  5:24  Probe  
  60  5:27  Probe  
  62  5:30  Nexus  
  62  5:36  Probe  
  62  5:40  Probe  
  62  5:45  Stalker x3  
  62  5:48  Assimilator, Probe  
  67  5:54  Shield Battery  
  67  6:01  Robotics Facility  
  67  6:10  Sentry x2  
  69  6:14  Shield Battery  
  69  6:16  Probe, Pylon  
  70  6:31  Assimilator  
  70  6:33  Assimilator  
  70  6:34  Probe  
  70  6:39  Pylon  
  71  6:41  Pylon  
  71  6:54  Observer (Chrono Boost)  
  68  7:01  Stalker x3  
  68  7:03  Nexus  
  68  7:06  Forge  
  68  7:07  Observer  
  75  7:11  Probe x2  
  75  7:13  Pylon  
  77  7:16  Pylon  
  77  7:23  Charge  
  77  7:24  Stalker  
  77  7:25  Stalker x2  
  83  7:32  Probe x2  
  83  7:35  Pylon  
  85  7:40  Protoss Ground Weapons Level 1 (Chrono Boost)  
  85  7:44  Probe x2  
  85  7:48  Stalker x3  
  93  8:00  Probe x2  
  95  8:12  Probe  
  96  8:13  Dark Templar x2  
  96  8:19  Probe x2  
  102  8:21  Photon Cannon  
  102  8:26  Probe  
  101  8:31  Probe  
  101  8:32  Probe  
  103  8:39  Probe  
  104  8:43  Probe  
  104  8:49  Immortal (Chrono Boost), Stalker x3  
  104  8:53  Gateway  
  114  8:56  Gateway  
  114  8:58  Gateway  
  114  9:01  Photon Cannon  
  114  9:05  Photon Cannon  
  113  9:14  Photon Cannon, Gateway, Warp Prism  
  113  9:16  Gateway  
  113  9:19  Protoss Ground Weapons Level 2 (Chrono Boost)  
  113  9:30  Stalker x3  
  121  9:40  Robotics Bay, Pylon  
  121  9:43  Pylon  
  121  9:48  Nexus  
  121  9:51  Probe x3  
  124  10:03  Probe x2  
  124  10:04  Probe  
  127  10:07  Stalker x4  
  135  10:16  Probe x2  
  135  10:17  Pylon  
  135  10:20  Photon Cannon, Pylon  
  137  10:23  Dark Templar  
  137  10:24  Dark Templar  
  141  10:35  Disruptor (Chrono Boost)  
  145  10:41  Probe x2  
  145  10:48  Robotics Facility  
  143  10:54  Disruptor  
  143  10:55  Probe x2  
  141  10:57  Shield Battery  
  141  11:00  Pylon  
  144  11:11  Photon Cannon  
  144  11:14  Probe x2  
  144  11:15  Shield Battery, Probe x2  
  144  11:16  Assimilator  
  148  11:21  Assimilator  
  148  11:23  Stalker x8  
  164  11:28  Gateway  
  164  11:30  Gateway  
  164  11:33  Photon Cannon  
  164  11:35  Shield Battery, Pylon  
  164  11:37  Disruptor (Chrono Boost)  
  166  11:54  Protoss Ground Weapons Level 3 (Chrono Boost)  
  168  11:56  Zealot  
  168  11:58  Zealot  
  168  11:59  Disruptor (Chrono Boost)  
  168  12:06  Dark Templar  
  168  12:07  Dark Templar  
  155  12:09  Zealot  
  155  12:10  Zealot x3  
  155  12:12  Assimilator x2, Probe x4  
  167  12:24  Probe x2  
  167  12:25  Photon Cannon  
  167  12:28  Photon Cannon  
  169  12:31  Photon Cannon  
  169  12:34  Zealot x5  
  179  12:37  Pylon  
  179  12:48  Zealot  
  179  12:55  Probe x2  
  179  12:57  Zealot x3  
  179  12:58  Dark Templar  
  187  13:04  Pylon  
  185  13:07  Photon Cannon, Pylon  
  185  13:09  Pylon  
  185  13:12  Photon Cannon  
  185  13:13  Photon Cannon  
  185  13:21  Disruptor x2 (Chrono Boost)  
  193  13:28  Photon Cannon  
  193  13:30  Photon Cannon  
  193  13:32  Pylon  
  193  13:33  Probe  
  192  13:34  Stalker x4  
  192  13:37  Shadow Stride (Chrono Boost), Shield Battery  
  198  13:55  Photon Cannon  
  197  13:56  Shield Battery  
  197  13:57  Warp Prism (Chrono Boost)  
  197  13:59  Observer (Chrono Boost)  
  197  14:01  Photon Cannon  
  184  14:11  Zealot x8  
  194  14:17  Protoss Ground Armor Level 1  
  192  14:30  Stalker x2  
  196  14:34  Photon Cannon  
  196  14:36  Photon Cannon  
  196  14:38  Photon Cannon  
  196  14:40  Photon Cannon  
  196  14:42  Photon Cannon  
  196  14:44  Shield Battery  
  194  14:46  Shield Battery  
  194  14:56  Gravitic Boosters (Chrono Boost)  
  192  15:18  Zealot x2  
  192  15:19  Zealot x2  
  187  15:32  Stalker x3  
  187  15:33  Stalker x3  
  190  15:42  Stalker x2  
  186  15:56  Dark Templar  
  186  15:57  Dark Templar x3, Stalker x3  
  190  16:01  Archon x2  
  200  16:14  Nexus, Pylon  
  200  16:16  Protoss Shields Level 1 (Chrono Boost)  
  197  16:19  Observer  
  196  16:27  Nexus  
  196  16:32  Pylon  
  194  16:36  Stalker x4  
  194  16:39  Assimilator  
  200  16:41  Photon Cannon  
  200  16:42  Assimilator  
  200  16:43  Shield Battery  
  200  16:45  Photon Cannon  
  200  16:47  Observer x2, Photon Cannon  
  192  17:07  Stalker x7  
  192  17:08  Stalker x2  
  200  17:15  Disruptor x2 (Chrono Boost)  
  140  17:24  Zealot x9  
  156  17:30  Photon Cannon  
  156  17:32  Photon Cannon  
  156  17:34  Photon Cannon  
  156  17:37  Robotics Facility  
  154  17:46  Stalker x9  
  154  17:50  Disruptor (Chrono Boost)  
  172  17:52  Disruptor (Chrono Boost)  
  179  18:00  Protoss Shields Level 2 (Chrono Boost)  
  179  18:11  Disruptor  
  182  18:21  Disruptor  
  185  18:32  Zealot x3  
  185  18:33  Zealot x7  
  136  18:47  Disruptor (Chrono Boost)  
  124  19:01  Stalker x4  
  124  19:02  Stalker x6  
  144  19:04  Warp Prism (Chrono Boost)  
  145  19:23  Observer (Chrono Boost)  
  146  19:33  Observer (Chrono Boost), Stalker x8  
  146  19:34  Sentry, Stalker  
  165  19:43  Observer  
  166  19:52  Observer  
  165  20:23  Stalker x8  
  179  20:47  Dark Templar x2  
  179  20:48  Dark Templar x6  
  195  20:52  Archon x2  
  195  20:53  Archon  
  195  20:56  Archon  
  195  20:57  Stalker x2  
  197  21:00  Nexus, Protoss Ground Armor Level 2 (Chrono Boost)  
  197  21:01  Pylon  
  193  21:12  Warp Prism  
  193  21:18  Disruptor  
  191  21:23  Stalker x2  
  173  22:02  Stalker x9  
  173  22:03  Stalker  
  185  22:27  Disruptor x2  
  191  22:30  Probe x3  
  191  22:31  Probe  
  192  22:42  Probe x3  
  192  22:43  Shield Battery, Probe x2  
  197  22:45  Photon Cannon  
  181  23:06  Stalker x6  
  181  23:07  Stalker  
  193  23:13  Zealot x3  
  146  23:30  Stalker x3  
  133  23:51  Stalker x7  
  131  24:06  Disruptor x2 (Chrono Boost)  
  127  24:44  Observer  
  123  24:47  Observer  
  123  24:48  Observer  
  123  24:50  Stalker x2  
  114  25:12  Protoss Ground Armor Level 3 (Chrono Boost)  
  114  25:13  Stalker x8  
  114  25:14  Stalker x2  
  128  25:15  Disruptor x2  
  128  25:18  Photon Cannon  
  132  25:22  Photon Cannon  
  128  25:44  Stalker x10  
  110  26:19  Stalker x10  
  125  26:44  Disruptor (Chrono Boost)  
  125  26:45  Disruptor (Chrono Boost)  
  133  26:47  Dark Templar  
  135  27:04  Nexus  
  135  27:06  Pylon  
  134  27:18  Observer x2 (Chrono Boost)  
  136  27:28  Observer  
  136  27:32  Stalker x8  
  136  27:33  Stalker  
  154  27:56  Protoss Shields Level 3 (Chrono Boost)  
  154  27:57  Zealot  
  149  28:10  Stalker  
  149  28:11  Stalker x4  
  155  28:15  Assimilator  
  155  28:17  Assimilator  
  151  28:41  Probe x2  
  151  28:42  Nexus, Probe x2, Pylon  
  152  29:12  Photon Cannon  
  152  29:20  Zealot x2  
  152  29:22  Dark Templar  
  158  29:24  Photon Cannon  
  158  29:26  Pylon  
  158  29:37  Shield Battery  
  128  29:57  Stalker x5  
  132  30:17  Dark Templar  
  132  30:26  Zealot x9  
  124  30:47  Stalker  
  124  30:48  Zealot x3, Stalker x3  
  124  30:49  Zealot x2  
  129  31:20  Stalker x5  
  139  31:27  Observer  
  139  31:46  Zealot  
  139  31:51  Stalker x2  
  142  31:58  Shield Battery  
  122  32:17  Zealot x4, Stalker  
  122  32:18  Zealot  
  106  33:10  Dark Templar  
Show
View Real Time Build Order
Export as new Build Order

ShaDoWn Protoss - Winner!

Build Orders: Zealot Archon 

Get SALT Encoding   

  12  0:00  Probe  
  13  0:12  Probe  
  14  0:18  Pylon  
  14  0:24  Probe  
  15  0:36  Gateway  
  15  0:37  Probe (Chrono Boost)  
  16  0:47  Probe (Chrono Boost)  
  16  0:48  Assimilator  
  17  0:52  Probe (Chrono Boost)  
  18  0:57  Assimilator  
  18  1:03  Probe (Chrono Boost)  
  19  1:08  Gateway  
  19  1:14  Probe (Chrono Boost)  
  20  1:19  Probe (Chrono Boost)  
  20  1:25  Cybernetics Core  
  21  1:29  Probe  
  22  1:37  Pylon  
  22  1:41  Probe  
  23  1:55  Probe  
  23  2:01  Warp Gate, Stalker x2  
  28  2:08  Probe  
  29  2:15  Pylon  
  29  2:20  Probe  
  30  2:32  Probe  
  30  2:33  Stalker  
  33  2:42  Stalker  
  36  2:44  Probe  
  36  2:56  Probe  
  35  3:04  Shield Battery  
  35  3:07  Sentry  
  35  3:08  Probe  
  38  3:13  Pylon  
  38  3:19  Shield Battery  
  38  3:24  Nexus  
  38  3:26  Probe  
  39  3:32  Pylon  
  39  3:38  Twilight Council  
  39  3:39  Probe  
  40  3:50  Sentry  
  40  3:51  Probe  
  40  3:54  Stalker  
  45  4:03  Probe (Chrono Boost)  
  46  4:15  Probe (Chrono Boost)  
  47  4:19  Dark Shrine  
  47  4:23  Probe (Chrono Boost)  
  48  4:30  Probe  
  49  4:32  Stalker  
  51  4:39  Robotics Facility, Probe (Chrono Boost)  
  51  4:42  Probe (Chrono Boost)  
  53  4:50  Probe (Chrono Boost)  
  53  4:51  Probe (Chrono Boost)  
  55  4:55  Probe (Chrono Boost)  
  55  4:56  Probe  
  57  5:06  Stalker, Probe  
  57  5:07  Stalker  
  62  5:08  Pylon, Probe  
  63  5:18  Probe  
  63  5:19  Pylon  
  59  5:22  Probe  
  59  5:23  Pylon  
  59  5:26  Observer (Chrono Boost)  
  61  5:30  Probe  
  61  5:34  Probe  
  55  5:44  Dark Templar x2  
  55  5:47  Probe (Chrono Boost)  
  60  5:54  Probe (Chrono Boost)  
  61  5:57  Probe (Chrono Boost)  
  61  5:59  Nexus  
  61  6:01  Probe (Chrono Boost)  
  62  6:10  Probe  
  63  6:14  Probe  
  63  6:16  Stalker x2  
  63  6:17  Blink (Chrono Boost)  
  68  6:22  Probe  
  69  6:26  Probe  
  70  6:34  Assimilator, Probe  
  70  6:38  Immortal (Chrono Boost)  
  70  6:39  Probe  
  72  6:42  Pylon  
  72  6:47  Probe  
  77  6:48  Forge  
  77  6:51  Probe  
  77  6:52  Stalker, Pylon  
  80  6:59  Probe  
  80  7:03  Probe  
  80  7:04  Archon  
  81  7:08  Shield Battery  
  81  7:11  Stalker  
  81  7:14  Observer, Probe (Chrono Boost)  
  86  7:15  Probe (Chrono Boost)  
  86  7:18  Stalker  
  86  7:20  Probe (Chrono Boost)  
  88  7:25  Probe (Chrono Boost)  
  88  7:27  Probe (Chrono Boost)  
  88  7:28  Pylon  
  88  7:29  Probe (Chrono Boost)  
  91  7:30  Probe (Chrono Boost)  
  91  7:34  Pylon  
  91  7:35  Probe  
  91  7:37  Stalker  
  95  7:41  Gateway  
  96  7:46  Assimilator, Stalker  
  96  7:50  Gateway  
  97  7:58  Observer  
  97  8:00  Gateway  
  97  8:03  Gateway  
  97  8:05  Dark Templar, Gateway  
  99  8:09  Pylon  
  99  8:14  Gateway, Stalker  
  99  8:15  Pylon  
  99  8:16  Observer  
  99  8:18  Observer (Chrono Boost)  
  102  8:38  Nexus  
  102  8:40  Pylon, Stalker  
  100  8:41  Charge  
  100  8:46  Probe  
  95  8:49  Dark Templar  
  97  8:56  Pylon  
  97  8:59  Probe  
  97  9:02  Probe  
  99  9:03  Probe, Stalker x2  
  99  9:05  Pylon  
  102  9:16  Probe  
  103  9:17  Stalker, Pylon  
  103  9:18  Forge, Shield Battery, Pylon  
  103  9:20  Probe x2  
  103  9:24  Shadow Stride (Chrono Boost)  
  107  9:28  Zealot x3  
  107  9:29  Probe  
  114  9:32  Probe  
  114  9:37  Stalker  
  117  9:38  Probe  
  117  9:41  Probe  
  117  9:45  Probe  
  120  9:48  Protoss Ground Weapons Level 1 (Chrono Boost)  
  120  9:50  Pylon  
  120  9:51  Probe  
  120  9:52  Stalker, Probe  
  122  9:53  Probe, Stalker  
  122  9:58  Probe, Forge  
  122  9:59  Stalker  
  130  10:07  Stalker x3  
  130  10:13  Pylon  
  136  10:14  Photon Cannon  
  136  10:16  Stalker  
  136  10:19  Photon Cannon  
  138  10:21  Pylon  
  138  10:26  Zealot  
  138  10:27  Zealot  
  142  10:31  Gateway  
  142  10:32  Protoss Ground Armor Level 1 (Chrono Boost)  
  141  10:38  Stalker x3  
  141  10:41  Observer (Chrono Boost)  
  148  10:49  Zealot x3  
  154  10:53  Probe  
  154  10:55  Assimilator  
  150  11:06  Pylon  
  150  11:13  Dark Templar x4  
  158  11:21  Dark Templar  
  158  11:22  Zealot  
  158  11:25  Photon Cannon  
  160  11:26  Nexus  
  160  11:28  Photon Cannon, Pylon  
  160  11:33  Zealot  
  160  11:34  Zealot  
  160  11:35  Probe  
  160  11:36  Probe x2  
  167  11:44  Stalker x2  
  169  11:47  Probe x2  
  169  11:48  Probe  
  169  11:49  Shield Battery  
  169  11:50  Photon Cannon  
  169  11:51  Photon Cannon  
  169  11:52  Stalker x2  
  170  11:54  Pylon  
  170  12:02  Probe  
  170  12:07  Probe  
  158  12:08  Stalker x4  
  158  12:12  Probe  
  163  12:16  Probe x2  
  163  12:19  Probe  
  163  12:22  Dark Templar x3  
  172  12:25  Adept  
  172  12:26  Zealot  
  176  12:31  Protoss Ground Weapons Level 2 (Chrono Boost), Probe  
  176  12:35  Probe  
  178  12:38  Pylon  
  178  12:40  Probe  
  179  12:44  Probe  
  179  12:46  Observer  
  177  12:57  Stalker x2  
  177  12:58  Zealot x4  
  183  12:59  Probe  
  183  13:03  Probe  
  183  13:05  Probe x2  
  172  13:06  Probe  
  172  13:07  Assimilator  
  172  13:08  Assimilator  
  172  13:09  Protoss Ground Armor Level 2 (Chrono Boost)  
  172  13:10  Stalker x2  
  178  13:19  Photon Cannon  
  178  13:20  Photon Cannon  
  178  13:21  Photon Cannon x2  
  178  13:22  Photon Cannon  
  178  13:24  Pylon  
  178  13:26  Stalker x4  
  186  13:42  Stalker x5  
  192  13:50  Nexus  
  192  13:57  Pylon  
  192  13:58  Pylon  
  192  14:02  Assimilator  
  186  14:11  Stalker x7  
  192  14:25  Stalker x2  
  192  14:26  Observer  
  192  14:27  Shield Battery  
  192  14:29  Photon Cannon  
  192  14:31  Photon Cannon, Robotics Bay  
  196  14:33  Robotics Facility  
  196  14:43  Protoss Ground Weapons Level 3 (Chrono Boost)  
  196  14:45  Stalker x2  
  199  14:51  Stalker x2  
  199  14:52  Photon Cannon  
  200  14:54  Photon Cannon  
  200  14:55  Photon Cannon  
  200  14:59  Assimilator  
  200  15:03  Assimilator  
  200  15:07  Pylon  
  200  15:12  Protoss Ground Armor Level 3 (Chrono Boost)  
  195  15:16  Stalker x3  
  188  15:29  Stalker x6  
  184  15:43  Stalker x2  
  184  15:51  Zealot  
  184  15:52  Zealot x6  
  197  16:02  Observer (Chrono Boost)  
  198  16:04  Observer (Chrono Boost)  
  183  16:13  Stalker x9  
  181  16:37  Gateway  
  181  16:38  Gateway, Stalker x5  
  181  16:39  Stalker x4  
  195  16:44  Gravitic Drive (Chrono Boost)  
  181  17:02  Zealot x5, Stalker x4  
  162  17:18  Probe  
  161  17:30  Stalker x6  
  161  17:32  Zealot x3  
  161  17:33  Zealot x2  
  161  17:34  Nexus, Gravitic Boosters  
  173  17:54  Stalker x4  
  173  17:55  Zealot x3, Stalker x2  
  182  18:02  Assimilator  
  182  18:04  Stalker x2  
  186  18:17  Stalker x5  
  191  18:33  Stalker x4  
  191  18:34  Stalker  
  164  18:35  Probe  
  164  18:36  Probe  
  164  18:39  Observer  
  125  18:49  Observer (Chrono Boost)  
  125  18:52  Observer (Chrono Boost), Zealot x3, Stalker x3  
  133  19:05  Photon Cannon  
  133  19:10  Stalker  
  133  19:11  Stalker x4  
  133  19:12  Probe (Chrono Boost)  
  144  19:20  Observer (Chrono Boost)  
  144  19:21  Probe (Chrono Boost)  
  144  19:23  Stalker x3  
  151  19:26  Zealot x3, Probe (Chrono Boost)  
  161  19:39  Probe x3 (Chrono Boost)  
  161  19:40  Pylon  
  162  19:45  Probe (Chrono Boost)  
  162  19:48  Stalker x7  
  162  19:50  Observer (Chrono Boost)  
  177  20:03  Stalker x4  
  181  20:11  Stalker x4  
  187  20:22  Zealot x3  
  185  20:31  Zealot x4  
  192  20:36  Stalker x4  
  196  20:49  Stalker x2  
  195  21:07  Stalker x5  
  197  21:15  Disruptor x2 (Chrono Boost)  
  193  21:21  Stalker x3  
  193  21:23  Assimilator  
  199  21:31  Photon Cannon  
  199  21:43  Observer  
  199  21:46  Dark Templar  
  180  21:48  Nexus  
  180  21:49  Dark Templar  
  180  21:54  Stalker x9  
  194  21:58  Pylon  
  198  22:14  Pylon  
  198  22:17  Shield Battery  
  198  22:19  Photon Cannon x2  
  198  22:22  Photon Cannon  
  196  22:24  Photon Cannon  
  196  22:26  Photon Cannon  
  196  22:29  Stalker x4  
  200  22:32  Pylon  
  198  22:44  Observer  
  198  22:50  Disruptor  
  195  23:05  Stalker x2  
  174  23:22  Disruptor (Chrono Boost)  
  153  23:28  Stalker x4  
  153  23:29  Stalker x7  
  153  23:33  Disruptor (Chrono Boost)  
  130  23:51  Stalker x5  
  130  23:52  Stalker x4  
  130  23:55  Disruptor (Chrono Boost)  
  152  24:01  Disruptor (Chrono Boost)  
  136  24:05  Stalker x2  
  134  24:14  Zealot x5  
  134  24:15  Zealot x3  
  134  24:16  Dark Templar  
  150  24:34  Stalker x7  
  150  24:35  Stalker  
  164  24:42  Stalker x2  
  124  24:54  Stalker  
  124  24:57  Stalker x2  
  124  24:58  Stalker  
  132  25:02  Zealot x5  
  132  25:06  Stalker x2  
  140  25:17  Assimilator  
  140  25:18  Assimilator  
  140  25:19  Stalker  
  142  25:25  Stalker x2  
  142  25:26  Stalker x3  
  142  25:27  Zealot x2  
  144  25:40  Stalker x3  
  150  25:43  Zealot  
  150  25:49  Zealot, Stalker x2  
  158  25:50  Zealot x2  
  158  25:57  Stalker x2  
  158  26:03  Stalker x3  
  149  26:15  Stalker x4  
  134  26:19  Stalker  
  134  26:29  Stalker x3  
  134  26:43  Stalker x5  
  134  26:46  Zealot  
  142  26:52  Observer  
  142  26:57  Stalker x4  
  148  27:02  Stalker  
  148  27:03  Observer  
  148  27:07  Stalker x2  
  154  27:19  Stalker x4  
  162  27:25  Observer  
  163  27:30  Stalker x3  
  165  27:45  Disruptor x2 (Chrono Boost)  
  172  28:13  Stalker x9  
  172  28:14  Observer  
  176  28:42  Stalker x10  
  194  29:17  Stalker  
  194  29:18  Stalker x3  
  200  29:29  Observer  
  194  29:48  Stalker x3  
  200  29:58  Stalker x4  
  200  29:59  Stalker  
  194  30:17  Zealot x4  
  187  30:36  Stalker x6  
  196  30:59  Observer  
  197  31:05  Dark Templar  
  199  31:31  Observer  
  199  31:32  Dark Templar x2  
  190  31:42  Dark Templar  
  190  31:43  Dark Templar x2  
  190  31:44  Stalker x4  
  199  31:54  Observer  
  198  32:00  Stalker x2  
  199  32:01  Observer  
  199  32:11  Observer (Chrono Boost)  
  199  32:18  Observer (Chrono Boost)  
  199  32:21  Nexus  
  192  32:48  Stalker x8  
  198  33:01  Observer  
  193  33:14  Pylon  
  186  33:32  Stalker  
  186  33:33  Stalker x3  
Tags
 
Add a new tag
Caveats
  • Supply blocks, unpowered buildings, or Contaminate may cause inaccurate times.
  • Supply counts are checked every 10 seconds.